 Dungeon Crawl Stone Soup version 0.29.1-4-g47bece8355 (webtiles) character file.

Game seed: 11492483950447801252

157 hawla the Chiller (level 5, 0/39 HPs)
             Began as a Meteoran Ice Elementalist on Dec 8, 2022.
             Slain by a lemure (4 damage)
             ... led by Pikel
             ... on level 5 of the Dungeon.
             The game lasted 00:03:49 (390 turns).

hawla the Chiller (Meteoran Ice Elementalist)        Turns: 390, Time: 00:03:49

Health: 0/39       AC:  2    Str:  9    XL:     5   Next: 99%
Magic:  7/12       EV: 13    Int: 18    God:
Gold:   77         SH:  0    Dex: 15    Spells: 8/12 levels left

rFire   . . .      SeeInvis .   (no weapon)
rCold   . . .      Faith    .   (no shield)
rNeg    + . .      Spirit   .   a - +0 robe
rPois   .          Reflect  .   (no helmet)
rElec   .          Harm     .   (no cloak)
rCorr   .          Rampage  .   (no gloves)
Will    .....                   (no boots)
Stlth   +.........              (no amulet)
HPRegen 0.13/turn               f - ring of positive energy
MPRegen 0.13/turn               (no ring)

@: brilliant, freezing walls, glowing
A: sense surroundings 1, otherworldly, glowing, explore regen
a: no special abilities


You were on level 5 of the Dungeon.
You visited 1 branch of the dungeon, and saw 5 of its levels.

You collected 77 gold pieces.

Inventory:

Armour
 a - a +0 robe (worn)
Jewellery
 f - a ring of positive energy (left hand)
Scrolls
 c - a scroll of fear
 e - a scroll of amnesia
 g - a scroll of teleportation
 i - a scroll of noise
 j - a scroll of poison
 k - a scroll of fog {unknown}
Potions
 b - a potion of magic


   Skills:
 + Level 0.7 Fighting
 + Level 2.8 Dodging
 - Level 1.4 Stealth
 + Level 4.4 Spellcasting
 + Level 6.0 Ice Magic


You had 8 spell levels left.
You knew the following spells:

 Your Spells              Type           Power      Damage    Failure   Level
a - Freeze                Ice            100%       1d11      1%          1
b - Frozen Ramparts       Ice            76%        1d12      3%          3

Your spell library contained the following spells:

 Spells                   Type           Power      Damage    Failure   Level
 Ozocubu's Armour         Ice            38%        N/A       3%          3
 Hailstorm                Conj/Ice       22%        3d7       38%         4


Dungeon Overview and Level Annotations

Branches:
Dungeon (5/15) Zot: 2611
 Temple: D:4-7

Altars:

Annotations:
D:4 Blork the orc
D:5 Pikel


Innate Abilities, Weirdness & Mutations

You passively map a small area around you.
You are easily found by Zot.
You glow in the dark.
You regain HP and MP as you explore.


Message History

A stone staircase leading up.
The walls around you are covered in ice.
An adder comes into view.
The wall freezes the lemure.
The lemure barely misses you.
The wall freezes Pikel.
Pikel misses you.
The wall freezes the lemure.
The lemure barely misses you.
The wall freezes the adder.
The adder seems to slow down.
Casting: Frozen Ramparts (dangerous; 3% risk of failure)
Confirm with . or Enter, or press ? or * to list all spells.
Aiming: Freeze (safe; 1% risk of failure)
Press: ? - help, Shift-Dir - straight line, f - Pikel
Aim: Pikel, wielding a +2 whip of freezing and wearing a +0 robe (lightly wounded)
You freeze Pikel.
Pikel is lightly wounded.
The wall freezes the lemure.
The lemure hits you.
* * * LOW HITPOINT WARNING * * *
The wall freezes Pikel but does no damage.
Pikel misses you.
The wall freezes the lemure.
The lemure hits you.
* * * LOW HITPOINT WARNING * * *
The wall freezes the adder.
Casting: Freeze (safe; 1% risk of failure)
Confirm with . or Enter, or press ? or * to list all spells.
Aiming: Freeze (safe; 1% risk of failure)
Press: ? - help, Shift-Dir - straight line, f/p - Pikel
Aim: Pikel, wielding a +2 whip of freezing and wearing a +0 robe (lightly wounded)
You freeze Pikel.
Pikel is moderately wounded.
The wall freezes the lemure.
The lemure barely misses you.
The wall freezes Pikel but does no damage.
Pikel barely misses you.
The wall freezes the lemure but does no damage.
The lemure hits you.
* * * LOW HITPOINT WARNING * * *
The wall freezes the adder.
The adder seems to slow down.
The wall freezes the adder.
You kill the adder!
It was a potion of brilliance.
You feel clever all of a sudden.
The wall freezes the lemure.
The lemure hits you.
You die...

* #. *
#. * ..
* , * *
#. ,, ,
, ,,
#.##, *
, **..#
# ,
*#K#†#
,* *
#@5# *
*#.5.##
*, *
###!#
#.# *
#.# *
#.# #.#
, , #.#


You could see Pikel and 2 lemures.

Vanquished Creatures
  A centaur (D:3)
  A hound (D:4)
  2 adders
  2 dart slugs
  2 orcs (D:3)
  A ball python (D:2)
  3 bats (D:1)
  An endoplasm (D:1)
  A goblin (D:2)
  3 hobgoblins
  A quokka (D:2)
  A frilled lizard (D:2)
  3 kobolds
  A rat (D:1)
23 creatures vanquished.

Notes
Turn   | Place    | Note
-------+----------+-------------------------------------------
     0 | D:1      | hawla the Meteoran Ice Elementalist began the quest for the
                  | Orb.
     0 | D:1      | Reached XP level 1. HP: 14/14 MP: 5/5
    35 | D:1      | Reached XP level 2. HP: 12/20 MP: 2/6
    82 | D:1      | You fall into a shaft and drop 1 floor!
    99 | D:2      | Reached skill level 5 in Ice Magic
   163 | D:2      | Reached XP level 3. HP: 12/26 MP: 6/8
   230 | D:3      | Learned a level 3 spell: Frozen Ramparts
   261 | D:4      | Reached XP level 4. HP: 29/33 MP: 3/10
   261 | D:4      | Noticed Blork the orc
   341 | D:3      | Noticed a centaur
   347 | D:3      | Killed a centaur
   348 | D:3      | Reached skill level 6 in Ice Magic
   348 | D:3      | Reached XP level 5. HP: 23/39 MP: 7/12
   377 | D:4      | Noticed Pikel
   377 | D:4      | Noticed a lemure
   377 | D:4      | Noticed a lemure
   377 | D:4      | Noticed a lemure
   377 | D:4      | Noticed a lemure
   385 | D:5      | Entered Level 5 of the Dungeon
   390 | D:5      | Slain by a lemure

Illustrated notes

Levels and vault maps discovered:
D:1:      ldierk_walled_garden, layout_rooms, minmay_shallow_snake_nest
D:2:      layout_rooms
D:3:      layout_basic, mainiacjoe_overflow_tiny_flanked, old_standard_altar,
          uniq_sigmund, uniq_terence, uniq_robin
D:4:      layout_basic, nicolae_overflow_crystal_walls, marbit_many_paths,
          temple_statues, uniq_grinder, uniq_blork_the_orc, uniq_pikel
D:5:      layout_loops_ring, grunt_dithmenos_smoke_and_mirrors,
          kennysheep_vampire_church, lemuel_coloured_pillars_altar,
          overflow_temple_1_default, grunt_temple_overflow_order_and_chaos_1

Skill      XL: |  1  2  3  4 |
---------------+-------------+-----
Ice Magic      | 5 6 |  6.0
Spellcasting   | 3 4 |  4.4
Fighting       | |  0.7
Dodging        | |  2.8
Stealth        | |  1.4

Action                   |  1- 3 |  4- 6 || total
-------------------------+-------+-------++-------
Melee: Unarmed           |     8 |     3 ||    11
 Cast: Freeze            |    26 |     4 ||    30
       Frozen Ramparts   |     1 |     3 ||     4
  Use: Scroll            |     6 |       ||     6
       Potion            |       |     2 ||     2
Armor: Robe              |    10 |     3 ||    13
Dodge: Dodged            |    18 |     9 ||    27
